 Dungeon Crawl Stone Soup version 0.31-a0-460-g9e667d4245 (webtiles) character file.

Game seed: 255530420568656805

339371 HallandMoats the Demonic Catastrophe (level 21, -3/218 HPs)
             Began as a Demonspawn Fighter on Aug 3, 2023.
             Was an Elder of Qazlal.
             Shot with a bolt by a yaktaur captain (33 damage)
             ... on level 2 of the Vaults on Aug 4, 2023.
             The game lasted 01:40:12 (48647 turns).

HallandMoats the Demonic Catastrophe (DsFi)        Turns: 48647, Time: 01:40:13

Health: -3/218     AC: 28    Str: 34    XL:     21   Next: 4%
Magic:  0/38       EV: 10    Int: 22    God:    Qazlal [****..]
Gold:   1361       SH:  0    Dex: 15    Spells: 20/20 levels left

rFire   . . .        a - +7 broad axe (freeze)
rCold   + . .        c - +0 buckler {reflect}
rNeg    . . .        F - +1 crystal plate armour {rC+}
rPois   +            W - +0 hat {SInv}
rElec   .            f - +2 cloak {rPois}
rCorr   .            (gloves unavailable)
SInv    +            y - +0 pair of boots
Will    +....        i - amulet of guardian spirit Stlth
                     w - ring "Kise" {Str+3 Int+6}
HPRegen 0.56/turn    T - ring of Daud {Str+6 Dex+2 Stlth+}
MPRegen 0.26/turn

%: repel missiles, reflection, guardian spirit
@: confused, mighty, hasted, very quick
A: molten scales 2, ignite blood 2, robust 2, spiny 3, demonic touch 3, clever
1, strong 1, wild magic 1
}: 2/15 runes: decaying, gossamer
a: Renounce Religion, Upheaval, Elemental Force


You were on level 2 of the Vaults.
You worshipped Qazlal.
Qazlal was greatly pleased with you.
You visited 8 branches of the dungeon, and saw 35 of its levels.
You also visited: Gauntlet, Ice Cave and Volcano.

You collected 3471 gold pieces.
You spent 2110 gold pieces at shops.

Inventory:

Hand Weapons
 a - a +7 broad axe of freezing (weapon)
 b - a +0 broad axe of venom
 M - a +1 war axe of flaming
Missiles
 B - 3 throwing nets
Armour
 c - a +0 buckler of reflection (worn)
 f - a +2 cloak of poison resistance (worn)
 y - a +0 pair of boots (worn)
 F - a +1 crystal plate armour of cold resistance (worn)
 W - a +0 hat of see invisible (worn)
 Y - a scarf of resistance
Jewellery
 h - a ring of protection from cold
 i - an amulet of guardian spirit (around neck)
 w - the ring "Kise" (left hand) {Str+3 Int+6}
   (You found it in a Gauntlet)

   [ring of intelligence]

   Str:       It affects your strength (+3).
   Int:       It affects your intelligence (+6).
 E - an amulet of reflection
 H - a ring of protection from fire
 T - the ring of Daud (right hand) {Str+6 Dex+2 Stlth+}
   (You bought it in a shop on level 2 of the Depths)

   [ring of strength]

   Str:       It affects your strength (+6).
   Dex:       It affects your dexterity (+2).
   Stlth:     It makes you more stealthy.
Wands
 j - a wand of digging (5)
 x - a wand of quicksilver (18)
 z - a wand of roots (35)
 I - a wand of charming (14)
 J - a wand of mindburst (17)
 N - a wand of polymorph (28)
 P - a wand of flame (89)
Scrolls
 k - 11 scrolls of teleportation
 l - 5 scrolls of vulnerability
 n - 2 scrolls of silence
 s - 5 scrolls of enchant armour
 t - 6 scrolls of fog
 v - 2 scrolls of amnesia
 A - 4 scrolls of identify
 C - 8 scrolls of revelation
 L - 5 scrolls of fear
 O - 6 scrolls of poison
 Q - 3 scrolls of immolation
 S - 2 scrolls of blinking
 U - 2 scrolls of butterflies
Potions
 d - 5 potions of might
 e - 10 potions of mutation
 g - 11 potions of curing
 m - a potion of brilliance
 o - a potion of invisibility
 p - 4 potions of enlightenment
 q - 5 potions of cancellation
 r - 3 potions of haste
 u - 5 potions of lignification
 D - 2 potions of resistance
 G - 8 potions of ambrosia
 R - a potion of magic
 Z - 5 potions of berserk rage
Miscellaneous
 X - a sack of spiders


   Skills:
 * Level 19.8 Fighting
 * Level 17.5 Axes
 + Level 9.0 Armour
 + Level 8.6 Dodging
 + Level 8.8 Shields
 O Level 27 Invocations
 + Level 5.1 Shapeshifting


You had 20 spell levels left.
You didn't know any spells.
Your spell library contained the following spells:

 Spells                   Type           Power      Damage    Failure   Level
 Apportation              Tloc           0%         N/A       99%         1
 Freeze                   Ice            0%         1d3       99%         1
 Kiss of Death            Conj/Necr      0%         2d5       99%         1
 Magic Dart               Conj           0%         1d3       99%         1
 Necrotise                Necr           0%         1d4       99%         1
 Sandblast                Erth           0%         2d4       99%         1
 Shock                    Conj/Air       0%         1d3       99%         1
 Summon Small Mammal      Summ           0%         N/A       99%         1
 Blink                    Tloc           0%         N/A       100%        2
 Cigotuvi's Dreadful Rot  Necr/Pois/Air  0%         N/A       100%        2
 Ensorcelled Hibernation  Hex/Ice        0%         N/A       100%        2
 Lesser Beckoning         Tloc           0%         N/A       100%        2
 Momentum Strike          Conj/Tloc      0%         3d8       100%        2
 Searing Ray              Conj           0%         2d4       100%        2
 Static Discharge         Conj/Air       0%         2-2/arc   100%        2
 Sublimation of Blood     Necr           0%         N/A       100%        2
 Wereblood                Tmut           0%         N/A       100%        2
 Confusing Touch          Hex            0%         N/A       100%        3
 Frozen Ramparts          Ice            0%         1d1       100%        3
 Hailstorm                Conj/Ice       0%         3d3       100%        3
 Ignite Poison            Fire/Tmut/Pois 0%         N/A       100%        3
 Inner Flame              Hex/Fire       0%         N/A       100%        3
 Ozocubu's Armour         Ice            0%         N/A       100%        3
 Portal Projectile        Hex/Tloc       0%         N/A       100%        3
 Stone Arrow              Conj/Erth      0%         3d7       100%        3
 Summon Guardian Golem    Hex/Summ       0%         N/A       100%        3
 Tukima's Dance           Hex            0%         N/A       100%        3
 Vhi's Electric Charge    Tloc/Air       0%         N/A       100%        3
 Volatile Blastmotes      Fire/Tloc      0%         2d10      100%        3
 Airstrike                Air            0%         2d(0-16)  100%        4
 Anguish                  Hex/Necr       0%         N/A       100%        4
 Animate Armour           Summ/Erth      0%         N/A       100%        4
 Dispel Undead            Necr           0%         3d6       100%        4
 Fulminant Prism          Conj/Hex       0%         3d5       100%        4
 Iskenderun's Mystic Bla  Conj/Tloc      0%         2d3       100%        4
 Manifold Assault         Tloc           0%         N/A       100%        4
 Olgreb's Toxic Radiance  Pois           0%         N/A       100%        4
 Petrify                  Tmut/Erth      0%         N/A       100%        4
 Sticky Flame             Conj/Fire      0%         2d3       100%        4
 Summon Lightning Spire   Summ/Air       0%         N/A       100%        4
 Arcjolt                  Conj/Air       0%         1d10      100%        5
 Fireball                 Conj/Fire      0%         3d3       100%        5
 Freezing Cloud           Conj/Ice/Air   0%         6-21      100%        5
 Irradiate                Conj/Tmut      0%         3d11      100%        5
 Iskenderun's Battlesphe  Conj           0%         2d6       100%        5
 Metabolic Englaciation   Hex/Ice        0%         N/A       100%        5
 Summon Forest            Summ/Tloc      0%         N/A       100%        5
 Summon Mana Viper        Hex/Summ       0%         N/A       100%        5
 Yara's Violent Unravell  Hex/Tmut       0%         3d3       100%        5
 Conjure Ball Lightning   Conj/Air       0%         3x3d6     100%        6
 Leda's Unmaking          Conj/Erth      0%         9d1       100%        6
 Simulacrum               Ice/Necr       0%         N/A       100%        6
 Summon Cactus Giant      Summ           0%         N/A       100%        6
 Enfeeble                 Hex            0%         N/A       100%        7
 Malign Gateway           Summ/Tloc      0%         N/A       100%        7
 Orb of Destruction       Conj           0%         9d5       100%        7
 Ozocubu's Refrigeration  Ice            0%         4d7       100%        7
 Spellforged Servitor     Conj/Summ      0%         N/A       100%        7
 Summon Hydra             Summ           0%         N/A       100%        7
 Discord                  Hex            0%         N/A       100%        8
 Disjunction              Tloc           0%         N/A       100%        8
 Ignition                 Fire           0%         3d3       100%        8
 Lehudib's Crystal Spear  Conj/Erth      0%         10d2      100%        8
 Maxwell's Capacitive Co  Air            0%         ∞         100%        8
 Summon Horrible Things   Summ           0%         N/A       100%        8
 Polar Vortex             Ice            0%         N/A       100%        9


Dungeon Overview and Level Annotations

Branches:
Dungeon (15/15)            Temple (1/1) D:4            Lair (5/5) D:10
  Swamp (4/4) Lair:2       Spider (4/4) Lair:3        Slime (0/5) Lair:4
    Orc (2/2) D:11            Elf (0/3) Orc:2        Vaults (2/5) D:13
 Depths (2/4) D:15          IceCv (visited)         Volcano (visited)
Gauntlet (visited)
  Crypt: Vaults:2-3

Altars:
Ashenzari
Cheibriados
Dithmenos
Fedhas
Gozag
Hepliaklqana
Kikubaaqudgha
Makhleb
Nemelex Xobeh
Okawaru
Qazlal
Ru
Sif Muna
Trog
Uskayaw
Vehumet
Wu Jian
Xom
Yredelemnul
Jiyva
Lugonu

Shops:
D:7 [   Orc:2 *![!   Depths:1 =   Depths:2 =:

Portals:
Hell: Depths:1 Depths:2
Abyss: Lair:5 Depths:1 Depths:2
Pandemonium: Depths:1 Depths:2

Annotations:
D:8 3 runed translucent doors, bahustanut's ghost, novice TrSh
D:9 2 transporters
Vaults:2 1 transporter, exclusion: orange crystal statue


Innate Abilities, Weirdness & Mutations

You are mostly covered in molten scales. (AC +3)
Your demonic aura often causes spilled blood to erupt in flames.
You are very robust. (+20% HP)
You are completely covered in sharp spines.
Your touch may irresistibly damage your foes and sap their willpower.
Your mind is acute. (Int +4, Str/Dex -1)
Your muscles are strong. (Str +4, Int/Dex -1)
Your spells are a little harder to cast, but a little more powerful.


Message History

Qazlal accepts your kill.
You slash the lich!
The yaktaur captain shoots a bolt.
The bolt barely misses you.
The ironbound convoker begins to recite a word of recall!
Strange energies crackle from the ironbound thunderhulk's apparatus.
The ironbound thunderhulk blinks!
You barely miss the lich.
The lich is lightly damaged.
The orange crystal statue fixes its piercing gaze on you.
Something tries to feed on your intellect!
The lich is engulfed in blazing flames.
The lich mumbles some strange words.
The lich seems to speed up.
You slash the lich!
The lich is heavily damaged.
The yaktaur captain shoots a bolt.
The bolt hits you!!
* * * LOW HITPOINT WARNING * * *
Unknown command.
You slice the lich!! You freeze the lich.
The lich is almost destroyed.
You slice the ironbound thunderhulk!! You freeze the ironbound thunderhulk.
The lich is engulfed in blazing flames.
You destroy the lich!
Qazlal accepts your kill.
The orange crystal statue is engulfed in a thunderstorm.
The orange crystal statue glitters topaz in the dim dungeon light.
The orange crystal statue glitters.
You are confused.
You slice the ironbound thunderhulk!! You freeze the ironbound thunderhulk.
The ironbound thunderhulk is severely wounded.
The yaktaur captain shoots a bolt.
The bolt hits you!!
* * * LOW HITPOINT WARNING * * *
The ironbound convoker is engulfed in a thunderstorm.
The ironbound thunderhulk is engulfed in blazing flames.
The ironbound thunderhulk is struck by your spines.
The ironbound thunderhulk hits you with a +0 dire flail!
* * * LOW HITPOINT WARNING * * *
The orange crystal statue glitters.
The yaktaur captain shoots a bolt.
The bolt hits you!!!
You die...

....# ########..# ....# #
8[:©=(8##.# ....# #.
.=$[...#.# ....# #.#
#...##.#.# ....#
#.#.##.§.##.#.# ....# #.#
...8p...#.# ....# #.#.
#O☼°##.#.# ....#
#.#.##p°☼##.#.# ....#
#.#....°@.c.#.# ....#
#.##8...§.8##.# ....#
#..#########..# ....#
##.....©.....## ....#
#####.[.#####
....###########'##########.
............)...)..).......
...................).......
...................).......


You could see an ironbound thunderhulk (summoned), a yaktaur captain, an orange
crystal statue, a vault sentinel (summoned) and an ironbound convoker (summoned,
chanting recall).

Vanquished Creatures
  Nikola (Swamp:3)
  A bone dragon (Swamp:4)
  Arachne (Spider:3)
  Jorgrun (Spider:2)
  Rupert (Spider:1)
  6 liches
  Frances (D:14)
  Agnes (D:14)
  2 sphinxes
  Donald (Vaults:1)
  Aizul (Lair:2)
  3 fire giants (Depths:2)
  A nagaraja (Depths:2)
  A tengu reaver (Vaults:2)
  4 frost giants
  9 vault wardens
  3 emperor scorpions
  5 ghost moths
  Louise (D:14)
  3 ghouls (Swamp:2)
  19 very ugly things
  9 ironbound preservers
  3 stone giants (Depths:2)
  3 ironbound thunderhulks (Vaults:2)
  2 broodmothers
  The ghost of Jyudgh the Thaumaturge, a journeyman DjCj of Makhleb (Lair:4)
  Nessos (Lair:3)
  5 eleionomae
  A minotaur (Gauntlet)
  4 spark wasps
  A white draconian (IceCv)
  2 dire elephants (Vaults:1)
  4 bunyips
  An ettin (Depths:1)
  An entropy weaver (shapeshifter) (D:14)
  4 green deaths
  4 fire dragons
  Fannar (D:10)
  A shambling mangrove (Swamp:4)
  Snorg (D:14)
  3 great orbs of eyes
  3 jiangshi
  5 yaktaur captains
  A fire dragon (shapeshifter) (Vaults:2)
  2 entropy weavers
  13 hydras
  5 ice dragons
  2 rakshasas
  3 ghost crabs
  A jorogumo (Spider:3)
  7 vault guards
  6 ironbound frosthearts
  4 spriggan air magi
  Erica (Lair:1)
  5 alligators
  2 radroaches (Spider:1)
  3 two-headed ogres
  9 centaur warriors
  4 deep troll shamans
  4 spriggan berserkers
  A two-headed ogre (shapeshifter) (Vaults:1)
  6 boulder beetles
  2 naga warriors (Depths:2)
  A vampire mage (Depths:1)
  4 death yaks
  9 demonic crawlers
  A deep troll earth mage (Depths:2)
  5 orc high priests
  2 tengu warriors
  4 thrashing horrors (Lair:5)
  Urug (D:13)
  10 hell knights
  Nergalle (D:10)
  21 spriggans
  4 iron trolls
  Amaemon (D:10)
  A skyshark (Lair:5)
  The ghost of knightboat the Destroyer, a novice DrCj of Hepliaklqana (D:7)
  A spectral bunyip (Swamp:4)
  A sun moth (Spider:3)
  6 pharaoh ants
  2 spriggan druids (Swamp:1)
  23 deep trolls
  7 goliath frogs
  7 orb spiders
  2 naga ritualists (Depths:2)
  2 glowing orange brains
  2 lindwurms (Vaults:1)
  3 swamp dragons
  Pikel (D:4)
  7 ironbound convokers
  An orange crystal statue (IceCv)
  7 bog bodies
  2 wizards
  8 harpies (Vaults:1)
  6 spectral hydras (Swamp:4)
  3 necromancers (Depths:1)
  2 phantasmal warriors
  2 mana vipers (Depths:2)
  34 ugly things
  6 steelbarb worms
  A deep elf pyromancer (D:12)
  18 wolf spiders
  An orc knight (D:15)
  3 manticores
  A shining eye (Gauntlet)
  5 cyclopes
  4 black mambas
  3 orc sorcerers
  4 will-o-the-wisps
  Joseph (D:10)
  22 elephants
  4 moths of wrath
  An ice statue (Spider:1)
  3 vault sentinels
  3 gargoyles
  A guardian serpent (shapeshifter) (Vaults:1)
  10 cane toads
  5 naga magi (Depths:2)
  8 torpor snails
  An orange demon (D:10)
  20 rime drakes
  Maggie (D:8)
  3 swamp worm zombies (Swamp:4)
  A komodo dragon (shapeshifter) (Lair:5)
  9 komodo dragons
  A yaktaur (shapeshifter) (Vaults:1)
  19 yaktaurs
  An efreet (D:15)
  An ice devil (D:11)
  5 tengu conjurers
  6 meliai
  3 hydra zombies (Swamp:4)
  A meliai (shapeshifter) (D:15)
  A hellwing (D:11)
  6 trolls
  26 tarantellas
  25 hornets
  15 polar bears (IceCv)
  9 tyrant leeches
  2 raiju (Lair:5)
  5 alligator zombies (Swamp:4)
  14 blink frogs
  A spectral swamp dragon (Swamp:4)
  27 slime creatures
  46 jumping spiders
  A slime creature (shapeshifter) (D:15)
  10 small abominations (Lair:5)
  6 shadows
  51 yaks
  19 culicivoras
  A large abomination (Lair:5)
  A water elemental (Depths:1)
  3 wraiths
  4 ynoxinuls
  A yak (shapeshifter) (D:13)
  7 basilisks
  2 golden eyes (Gauntlet)
  2 fire bats (D:6)
  3 chaos spawn (Lair:5)
  3 wyverns
  8 vampire mosquitoes
  A steam dragon (D:9)
  50 redbacks
  3 wargs
  12 swamp worms
  A harpy simulacrum (D:15)
  An acid dragon (D:10)
  A floating eye (shapeshifter) (Vaults:1)
  18 water moccasins
  4 black bears
  21 orc warriors
  An ettin simulacrum (Vaults:1)
  3 ice beasts
  4 swamp dragon zombies (Swamp:4)
  4 ogres
  13 wolves
  5 boggarts
  6 centaurs
  9 phantoms
  A kobold brigand (D:8)
  14 bullfrogs
  A gnoll sergeant (D:6)
  8 scorpions
  A necrophage (Swamp:2)
  23 wights
  8 killer bees
  An electric eel (Lair:1)
  7 howler monkeys
  A crimson imp (D:4)
  3 quasits (D:11)
  2 jellies (D:6)
  23 orc priests
  5 iguanas
  A sleepcap (D:6)
  A spectral swamp drake (Swamp:4)
  37 orc wizards
  8 adders
  4 gnolls (D:6)
  2 shadow imps
  4 white imps
  2 ufetubi
  3 worms
  3 dart slugs
  57 orcs
  11 endoplasms
  5 giant cockroaches
  9 goblins
  8 hobgoblins
  2 jackals (D:4)
  4 quokkas
  4 ball pythons
  2 ball python skeletons (D:2)
  10 bats
  A frilled lizard (D:3)
  9 kobolds
  A quokka skeleton (D:2)
  A quokka zombie (D:2)
  5 rats
1326 creatures vanquished.

Vanquished Creatures (collateral kills)
  A vault guard (D:13)
  A catoblepas (D:13)
  A death knight (D:13)
3 creatures vanquished.

Vanquished Creatures (others)
  A hydra (Swamp:3)
  An alligator (Swamp:1)
  A death yak (Lair:5)
  An orb spider (Spider:4)
  A yaktaur (Vaults:2)
  A tengu conjurer (D:15)
  6 bloated husks
  2 spriggans
  A redback (Spider:2)
  A swamp worm (Swamp:3)
  A phantom (Swamp:4)
  An orc priest (Orc:2)
  An orc wizard (Orc:2)
  An orc (Orc:2)
  12 foxfires
32 creatures vanquished.

Grand Total: 1361 creatures vanquished

Notes
Turn   | Place    | Note
-------+----------+-------------------------------------------
     0 | D:1      | HallandMoats the Demonspawn Fighter began the quest for the
                  | Orb.
     0 | D:1      | Reached XP level 1. HP: 18/18 MP: 1/1
    97 | D:1      | Reached skill level 1 in Invocations
   352 | D:1      | Gained mutation: You are partially covered in sharp spines.
                  | [demonic ancestry]
   352 | D:1      | Reached XP level 2. HP: 24/24 MP: 3/3
   405 | D:1      | Reached skill level 2 in Invocations
   982 | D:2      | Reached skill level 3 in Invocations
   982 | D:2      | Gained mutation: You are mostly covered in sharp spines.
                  | [demonic ancestry]
   982 | D:2      | Reached XP level 3. HP: 29/29 MP: 5/5
  1233 | D:2      | Found a blossoming altar of Fedhas.
  1315 | D:2      | Gained mutation: You are partially covered in molten
                  | scales. (AC +2) [demonic ancestry]
  1315 | D:2      | Reached XP level 4. HP: 37/37 MP: 6/6
  1380 | D:2      | Reached skill level 4 in Invocations
  1681 | D:3      | Found an ornate altar of the Wu Jian Council.
  1713 | D:3      | Found a shadowy altar of Dithmenos.
  1965 | D:3      | Reached skill level 5 in Invocations
  2167 | D:3      | Noticed an ice beast
  2174 | D:3      | Gained mutation: You are mostly covered in molten scales.
                  | (AC +3) [demonic ancestry]
  2174 | D:3      | Reached XP level 5. HP: 13/42 MP: 8/8
  2174 | D:3      | Killed an ice beast
  2728 | D:4      | Found a staircase to the Ecumenical Temple.
  2731 | D:4      | Reached skill level 6 in Invocations
  2736 | Temple   | Entered the Ecumenical Temple
  2771 | Temple   | Became a worshipper of Qazlal Stormbringer
  2942 | D:4      | Noticed a lemure
  2942 | D:4      | Noticed a lemure
  2942 | D:4      | Noticed a lemure
  2943 | D:4      | Noticed Pikel
  2943 | D:4      | Noticed a lemure
  2968 | D:4      | Killed Pikel
  2969 | D:4      | Reached skill level 5 in Fighting
  2969 | D:4      | Reached skill level 8 in Invocations
  2969 | D:4      | Gained mutation: Your touch may inflict minor irresistible
                  | damage on your foes. [demonic ancestry]
  2969 | D:4      | Reached XP level 6. HP: 20/51 MP: 9/12
  2969 | D:4      | Gained mutation: Your demonic aura sometimes causes spilled
                  | blood to erupt in flames. [demonic ancestry]
  2969 | D:4      | Reached XP level 7. HP: 22/56 MP: 9/13
  3163 | D:4      | Reached skill level 9 in Invocations
  3419 | D:4      | Found a blossoming altar of Fedhas.
  3920 | D:5      | Entered Level 5 of the Dungeon
  3933 | D:5      | Reached XP level 8. HP: 64/64 MP: 15/15
  3950 | D:5      | Reached skill level 10 in Invocations
  4036 | D:5      | Reached * piety under Qazlal
  4175 | D:5      | Reached skill level 11 in Invocations
  4364 | D:6      | Found a transporter.
  4798 | D:6      | Reached skill level 12 in Invocations
  4863 | D:6      | Gained mutation: Your demonic aura often causes spilled
                  | blood to erupt in flames. [demonic ancestry]
  4863 | D:6      | Reached XP level 9. HP: 60/72 MP: 18/18
  4922 | D:6      | Identified the +6 scale mail of Eternal Night {Int+3}
  5124 | D:6      | Reached ** piety under Qazlal
  5211 | D:6      | Found a transporter.
  5390 | D:6      | Reached skill level 13 in Invocations
  5942 | D:7      | Reached skill level 14 in Invocations
  5976 | D:7      | Found a transporter.
  5982 | D:7      | Noticed knightboat's ghost (novice DrCj)
  5984 | D:7      | Noticed a moth of wrath
  6000 | D:7      | Found a transporter.
  6065 | D:7      | You fall into a shaft and drop 1 floor!
  6332 | D:7      | Found Luesk's Armour Shoppe.
  6367 | D:8      | Reached *** piety under Qazlal
  6406 | D:8      | Identified the +8 arbalest of Absolution {elec, *Slow rF+
                  | Str-3 Int+7}
  6418 | D:8      | Noticed Maggie
  6426 | D:8      | Killed Maggie
  6427 | D:8      | Reached skill level 15 in Invocations
  6427 | D:8      | Reached XP level 10. HP: 39/83 MP: 21/21
  6704 | D:8      | Found a runed translucent gate.
  6704 | D:8      | Found a runed translucent gate.
  6704 | D:8      | Found a runed translucent gate.
  6704 | D:8      | Noticed a brown ugly thing
  6705 | D:8      | Noticed a purple ugly thing
  6721 | D:8      | Noticed a glowing orange brain
  6894 | D:8      | Found a shimmering altar of Xom.
  7429 | D:8      | Killed a brown ugly thing
  7429 | D:8      | Killed a glowing orange brain
  7430 | D:8      | Reached skill level 16 in Invocations
  7432 | D:8      | Killed a brown ugly thing
  7439 | D:8      | Found a runed translucent gate.
  7439 | D:8      | Found a runed translucent gate.
  7443 | D:8      | Found a runed translucent gate.
  7443 | D:8      | Noticed bahustanut's ghost (novice TrSh)
  7724 | D:9      | Found a transporter.
  7733 | D:9      | Found a sacrificial altar of Ru.
  7750 | D:9      | Reached skill level 10 in Fighting
  8017 | D:9      | Found a hazy altar of Hepliaklqana.
  8020 | D:9      | Found a broken altar of Ashenzari.
  8022 | D:9      | Found a snail-covered altar of Cheibriados.
  8024 | D:9      | Found a bloodstained altar of Trog.
  8026 | D:9      | Found a sparkling altar of Nemelex Xobeh.
  8089 | D:9      | Found a viscous altar of Jiyva.
  8089 | D:9      | Found a transporter.
  8213 | D:9      | Reached skill level 17 in Invocations
  8257 | D:9      | Reached XP level 11. HP: 60/92 MP: 23/23
  8381 | D:9      | Found a shimmering blue altar of Sif Muna.
  8771 | D:10     | Entered Level 10 of the Dungeon
  8800 | D:10     | Reached skill level 18 in Invocations
  8920 | D:10     | Found a staircase to the Lair.
  9017 | D:10     | Noticed Amaemon
  9026 | D:10     | Killed Amaemon
  9026 | D:10     | Reached **** piety under Qazlal
  9142 | D:10     | Found a basalt altar of Yredelemnul.
  9361 | D:10     | Noticed Nergalle
  9369 | D:10     | Killed Nergalle
  9370 | D:10     | Reached skill level 19 in Invocations
  9460 | D:10     | Noticed Joseph
  9465 | D:10     | Killed Joseph
  9674 | D:10     | Noticed Fannar
  9683 | D:10     | Killed Fannar
 10444 | D:11     | Noticed a boulder beetle
 10693 | D:11     | Found a staircase to the Orcish Mines.
 10826 | D:11     | Killed a boulder beetle
 10827 | D:11     | Reached skill level 20 in Invocations
 10827 | D:11     | Reached XP level 12. HP: 101/102 MP: 24/26
 11212 | D:12     | Noticed a two-headed ogre
 11222 | D:12     | Killed a two-headed ogre
 11550 | D:12     | Identified the +0 ring mail "Fadaiwn" {rElec}
 12140 | D:13     | Noticed Urug
 12145 | D:13     | Killed Urug
 12149 | D:13     | Noticed a two-headed ogre
 12151 | D:13     | Noticed an eight-headed hydra
 12156 | D:13     | Killed a two-headed ogre
 12161 | D:13     | Killed a five-headed hydra
 12162 | D:13     | Reached skill level 21 in Invocations
 12285 | D:13     | Noticed a two-headed ogre
 12291 | D:13     | Killed a two-headed ogre
 12346 | D:13     | Found a sparkling altar of Nemelex Xobeh.
 12375 | D:13     | Noticed a boulder beetle
 12381 | D:13     | Killed a boulder beetle
 12389 | D:13     | Found a gate to the Vaults.
 12389 | D:13     | Noticed a catoblepas
 12389 | D:13     | Noticed a vault guard
 12389 | D:13     | Noticed a six-headed hydra
 12389 | D:13     | Noticed a vault guard
 12389 | D:13     | Noticed a vault guard
 12389 | D:13     | Noticed a death knight
 12389 | D:13     | Noticed a vault guard
 12392 | D:13     | Killed a vault guard
 12393 | D:13     | Killed a vault guard
 12393 | D:13     | Killed a vault guard
 12393 | D:13     | Killed a six-headed hydra
 12395 | D:13     | Killed a catoblepas
 12396 | D:13     | Killed a death knight
 12398 | D:13     | Killed a vault guard
 12399 | D:13     | Gained mutation: Your touch may inflict irresistible damage
                  | on your foes. [demonic ancestry]
 12399 | D:13     | Reached XP level 13. HP: 104/111 MP: 13/27
 12704 | D:14     | Identified the +8 falchion "Xoecaed" {freeze, rN++ Str-4
                  | Int+4}
 12954 | D:7      | Killed knightboat's ghost
 12955 | D:7      | Reached skill level 5 in Axes
 12955 | D:7      | Reached skill level 22 in Invocations
 13050 | D:7      | Identified the +2 pair of gloves of the Shining Light
                  | {Will- Int+2 SInv}
 13213 | D:14     | Noticed Frances
 13224 | D:14     | Killed Frances
 13404 | D:14     | Noticed Louise
 13418 | D:14     | Killed Louise
 13436 | D:14     | Noticed Snorg
 13444 | D:14     | Killed Snorg
 13511 | D:14     | Noticed Agnes
 13516 | D:14     | Killed Agnes
 13924 | D:15     | Entered Level 15 of the Dungeon
 14172 | D:15     | Reached skill level 23 in Invocations
 14922 | D:15     | Reached XP level 14. HP: 77/119 MP: 29/29
 15079 | D:15     | Found a stormy altar of Qazlal.
 15162 | D:15     | Found a staircase to the Depths.
 15860 | Lair:1   | Entered Level 1 of the Lair of Beasts
 16017 | Lair:1   | Noticed Erica
 16021 | Lair:1   | Killed Erica
 17185 | Lair:2   | You fall into a shaft and drop 2 floors!
 17190 | Lair:4   | Got the Grimoire of Chthonic Battle Magic
 17213 | Lair:4   | Found a gate leading to a gauntlet.
 17223 | Gauntlet | Entered a Gauntlet
 17223 | Gauntlet | Found a transporter.
 17238 | Gauntlet | Found a transporter.
 17247 | Gauntlet | Found a transporter.
 17249 | Gauntlet | Found a large runed translucent door.
 17250 | Gauntlet | Found a large runed translucent door.
 17251 | Gauntlet | Found a large runed translucent door.
 17251 | Gauntlet | Found a large runed translucent door.
 17251 | Gauntlet | Found a runed translucent door.
 17252 | Gauntlet | Found a transporter.
 17252 | Gauntlet | Noticed a balrug
 17253 | Gauntlet | Found a runed translucent door.
 17254 | Gauntlet | Found a large runed translucent door.
 17254 | Gauntlet | Found a large runed translucent door.
 17255 | Gauntlet | Found a large runed translucent door.
 17256 | Gauntlet | Found a large runed translucent door.
 17262 | Gauntlet | Found a large runed translucent door.
 17262 | Gauntlet | Found a large runed translucent door.
 17263 | Gauntlet | Found a large runed translucent door.
 17263 | Gauntlet | Found a large runed translucent door.
 17264 | Gauntlet | Found a large runed translucent door.
 17264 | Gauntlet | Found a large runed translucent door.
 17265 | Gauntlet | Found a runed translucent gate.
 17265 | Gauntlet | Found a runed translucent gate.
 17265 | Gauntlet | Found a runed translucent gate.
 17267 | Gauntlet | Found a transporter.
 17277 | Gauntlet | Found a large runed translucent door.
 17278 | Gauntlet | Found a large runed translucent door.
 17286 | Gauntlet | Found a transporter.
 17298 | Gauntlet | Found a transporter.
 17310 | Gauntlet | Found a transporter.
 17316 | Gauntlet | Found a transporter.
 17316 | Gauntlet | Found a transporter.
 17331 | Gauntlet | Found a transporter.
 17343 | Gauntlet | Found a transporter.
 17360 | Gauntlet | Found a transporter.
 17378 | Gauntlet | Found a transporter.
 17380 | Gauntlet | Found a transporter.
 17405 | Gauntlet | Found a transporter.
 17407 | Gauntlet | Found a transporter.
 17427 | Gauntlet | Found a transporter.
 17801 | Gauntlet | Gained mutation: Armour fits poorly on your strangely
                  | shaped body. [a shining eye]
 17804 | Gauntlet | Gained mutation: You are weak. (Str -2) [a shining eye]
 17807 | Gauntlet | Gained mutation: You are dopey. (Int -2) [a shining eye]
 17920 | Gauntlet | Reached ***** piety under Qazlal
 17964 | Gauntlet | Identified the ring "Kise" {Str+3 Int+6}
 18006 | Gauntlet | Reached skill level 24 in Invocations
 18219 | Lair:4   | Noticed Jyudgh's ghost (journeyman DjCj)
 18223 | Lair:4   | Found a runed translucent gate.
 18223 | Lair:4   | Found a runed translucent gate.
 18225 | Lair:4   | Found a runed translucent gate.
 18616 | Lair:4   | Found a viscous altar of Jiyva.
 18616 | Lair:4   | Found a staircase to the Slime Pits.
 18843 | Lair:4   | Identified the staff "Kath" {rF+ rN+ Stlth+ Fire}
 19200 | Lair:4   | Reached skill level 10 in Axes
 19254 | Lair:4   | Killed Jyudgh's ghost
 19313 | Lair:5   | Entered Level 5 of the Lair of Beasts
 19588 | Lair:5   | Gained mutation: You are robust. (+10% HP) [demonic
                  | ancestry]
 19588 | Lair:5   | Reached XP level 15. HP: 102/139 MP: 31/31
 19633 | Lair:5   | Reached ****** piety under Qazlal
 19796 | Lair:5   | Lost mutation: Armour fits poorly on your strangely shaped
                  | body. [potion of mutation]
 19796 | Lair:5   | Lost mutation: You are weak. (Str -2) [potion of mutation]
 19796 | Lair:5   | Gained mutation: You are very robust. (+20% HP) [potion of
                  | mutation]
 19796 | Lair:5   | Lost mutation: You are dopey. (Int -2) [potion of mutation]
 19796 | Lair:5   | Gained mutation: Your mind is acute. (Int +4, Str/Dex -1)
                  | [potion of mutation]
 19796 | Lair:5   | Gained mutation: You have hidden genetic potential. [potion
                  | of mutation]
 19989 | Lair:5   | Found a corrupted altar of Lugonu.
 19989 | Lair:5   | Found a one-way gate to the infinite horrors of the Abyss.
 20310 | Lair:5   | Reached skill level 25 in Invocations
 20587 | Lair:5   | Got the Precepts of the Vector
 20953 | Lair:3   | Reached skill level 15 in Fighting
 20972 | Lair:3   | Noticed Nessos
 20980 | Lair:3   | Killed Nessos
 21025 | Lair:3   | Found a dark tunnel.
 21050 | Volcano  | Entered a volcano
 21051 | Volcano  | Upgraded the game from 0.31-a0-441-g867994ef1c to
                  | 0.31-a0-455-g1a7b003ef0
 21186 | Lair:3   | Identified the +0 robe "Edoitomp" {Str+2}
 21253 | Lair:3   | Found a hole to the Spider Nest.
 21337 | Lair:3   | Identified the +7 dagger of Foul Odours {flame, *Corrode
                  | rC+++ SInv Stlth-}
 21997 | Lair:2   | Found a staircase to the Swamp.
 22634 | Orc:1    | Entered Level 1 of the Orcish Mines
 22896 | Orc:2    | Entered Level 2 of the Orcish Mines
 22896 | Orc:2    | Found a staircase to the Elven Halls.
 23449 | Orc:2    | Found Bur Amm's Distillery.
 23450 | Orc:2    | Found Otsaer's Distillery.
 23511 | Orc:2    | Found Mammiteu's Assorted Antiques.
 23513 | Orc:2    | Found Meat's Armour Shoppe.
 23519 | Orc:2    | Bought a potion of experience for 650 gold pieces
 23739 | Orc:2    | Reached XP level 16. HP: 163/163 MP: 32/32
 23745 | Orc:2    | Bought a potion of invisibility for 104 gold pieces
 23745 | Orc:2    | Bought a potion of magic for 104 gold pieces
 23749 | Orc:2    | Bought a scroll of immolation for 92 gold pieces
 23749 | Orc:2    | Bought a runed broad axe for 161 gold pieces
 23749 | Orc:2    | Bought a potion of mutation for 184 gold pieces
 23753 | Orc:2    | Bought a dented emerald amulet for 115 gold pieces
 23972 | Depths:1 | Entered Level 1 of the Depths
 24610 | Depths:1 | Reached skill level 26 in Invocations
 25162 | D:15     | Upgraded the game from 0.31-a0-455-g1a7b003ef0 to
                  | 0.31-a0-460-g9e667d4245
 25209 | Depths:1 | Reached XP level 17. HP: 138/170 MP: 30/34
 25323 | Depths:1 | Noticed a lich
 25325 | Depths:1 | Found a gateway to Hell.
 25327 | Depths:1 | Gained mutation: Your muscles are strong. (Str +4, Int/Dex
                  | -1) [hidden potential]
 25334 | Depths:1 | Killed a lich
 25385 | Depths:1 | Found a one-way gate leading to the halls of Pandemonium.
 25391 | Depths:1 | Found a transporter.
 25789 | Depths:1 | Found a transporter.
 25859 | Depths:1 | Found Plog's Jewellery Shoppe.
 25975 | Depths:1 | Found a transporter.
 26074 | Depths:1 | Found a transporter.
 26309 | Depths:2 | Noticed a lich
 26329 | Depths:1 | Killed a lich
 26835 | Depths:2 | Found Oluatar's Book Shoppe.
 26889 | Depths:2 | Reached skill level 27 in Invocations
 27136 | Depths:2 | Identified the +12 bardiche "Giant's Nightmare" {flame,
                  | rN+}
 27171 | Depths:2 | Noticed a lich
 27175 | Depths:2 | Killed a lich
 27175 | Depths:2 | HP: 2/174 [white very ugly thing (14)]
 27671 | Depths:2 | Noticed a lich
 27683 | Depths:1 | Killed a lich
 28626 | Depths:2 | Gained mutation: Your touch may irresistibly damage your
                  | foes and sap their willpower. [demonic ancestry]
 28626 | Depths:2 | Reached XP level 18. HP: 161/183 MP: 32/35
 28727 | Depths:2 | Gained mutation: Your spells are a little harder to cast,
                  | but a little more powerful. [hidden potential]
 28727 | Depths:2 | Lost mutation: You have hidden genetic potential. [hidden
                  | potential expressed]
 29318 | Depths:2 | Noticed a lich
 29326 | Depths:2 | Killed a lich
 29390 | Depths:2 | Reached skill level 5 in Armour
 29417 | Depths:2 | Identified the +0 glaive of Earthquakes {heavy, rN+}
 29503 | Depths:2 | Identified the staff "Cedeh" {rC+ Int+4 Tloc Ice}
 29508 | Depths:2 | Identified the staff "Iqisk" {Fly rElec Dex+2 Earth}
 29923 | Depths:2 | Found Xulor's Jewellery Shop.
 29957 | Depths:2 | Bought the ring of Daud {Str+6 Dex+2 Stlth+} for 700 gold
                  | pieces
 30295 | Spider:1 | Entered Level 1 of the Spider Nest
 30318 | Spider:1 | Reached skill level 5 in Shields
 30347 | Spider:1 | Noticed Rupert
 30355 | Spider:1 | Paralysed by Rupert for 5 turns
 30387 | Spider:1 | Found a frozen archway.
 30404 | IceCv    | Entered an ice cave
 31533 | IceCv    | Reached skill level 15 in Axes
 31590 | IceCv    | Reached skill level 5 in Dodging
 32395 | Spider:1 | Killed Rupert
 34724 | Spider:2 | Noticed Jorgrun
 34740 | Spider:2 | Killed Jorgrun
 34755 | Spider:2 | Reached skill level 1 in Shapeshifting
 36304 | Spider:3 | Reached XP level 19. HP: 154/195 MP: 29/36
 37360 | Spider:3 | Noticed Arachne
 37378 | Spider:3 | Killed Arachne
 37953 | Spider:4 | Entered Level 4 of the Spider Nest
 40066 | Spider:4 | Got a gossamer rune of Zot
 40301 | Swamp:1  | Entered Level 1 of the Swamp
 40304 | Swamp:1  | Noticed Aizul
 40319 | Lair:2   | Killed Aizul
 40970 | Swamp:1  | You fall into a shaft and drop 1 floor!
 43105 | Swamp:3  | Identified the +2 pair of gloves of Supple Strength
                  | {Rampage Dex+3}
 43105 | Swamp:3  | Noticed Nikola
 43477 | Swamp:3  | Killed Nikola
 43923 | Swamp:4  | Entered Level 4 of the Swamp
 43949 | Swamp:4  | Mutation became permanent: You are robust. (+10% HP)
                  | [demonic ancestry]
 43949 | Swamp:4  | Gained mutation: You are very robust. (+20% HP) [demonic
                  | ancestry]
 43949 | Swamp:4  | Reached XP level 20. HP: 148/206 MP: 32/37
 45013 | Swamp:4  | Noticed a bone dragon
 45029 | Swamp:4  | Killed a bone dragon
 45236 | Swamp:4  | Got a decaying rune of Zot
 45521 | Vaults:1 | Entered Level 1 of the Vaults
 45869 | Vaults:1 | Noticed Donald
 45879 | Vaults:1 | Killed Donald
 48358 | Vaults:2 | Reached skill level 5 in Shapeshifting
 48362 | Vaults:2 | Paralysed by a great orb of eyes for 5 turns
 48590 | Vaults:2 | Found a transporter.
 48602 | Vaults:2 | Gained mutation: You are completely covered in sharp
                  | spines. [demonic ancestry]
 48602 | Vaults:2 | Reached XP level 21. HP: 195/218 MP: 33/38
 48616 | Vaults:2 | Found a transporter.
 48647 | Vaults:2 | Shot with a bolt by a yaktaur captain

Illustrated notes

Levels and vault maps discovered:
D:1:      psy_arrival_basics, layout_basic
D:2:      cheibrodos_helix_gallery, layout_loops_ring, basic_altar,
          serial_undead, serial_undead_a, serial_undead_a, serial_undead_d,
          serial_undead_a
D:3:      layout_basic, mainiacjoe_overflow_alcove_4,
          grunt_dithmenos_smoke_and_mirrors, minmay_increasing_density
D:4:      layout_loops_corners, lemuel_coloured_pillars_altar,
          minmay_temple_entry_enclosed_plants, minmay_fire_ice_demons,
          uniq_pikel
D:5:      layout_rooms, minmay_misc_feat_pillars
D:6:      gammafunk_cloud_chamber, layout_basic, dreamdust_divine_triumvirate
D:7:      layout_rooms, gammafunk_ghost_berserking_beasts, serial_shops, shop,
          kennysheep_generic_room_10
D:8:      minmay_flawed_box, layout_basic, lemuel_crystal_altar,
          ploomutoo_gammafunk_ghost_potion_laboratory, uniq_maggie
D:9:      gammafunk_jiyva_shrine, layout_stronghold, minitemple,
          mainiacjoe_overflow_brackets, old_standard_altar
D:10:     cheibrodos_iron_armory, layout_loops_corners,
          mainiacjoe_overflow_24_doors, david_lair_generic, minmay_between,
          uniq_fannar, uniq_amaemon, uniq_nergalle, uniq_joseph
D:11:     layout_basic, david_orc_1_choice, serial_demonic, serial_demonic_e,
          serial_demonic_b, serial_demonic_f, serial_demonic_d
D:12:     layout_roguey, elyvilon_altar_3
D:13:     layout_irregular_city, lightli_vaults_fourway_checkpoint,
          nemelex_diamond_rough_becter, uniq_urug
D:14:     layout_big_octagon, hangedman_decor_lopped, uniq_snorg, uniq_louise,
          uniq_agnes, uniq_frances
D:15:     gammafunk_enter_depths_forms, layout_basic,
          hangedman_decor_clover_reticule, chequers_serial_rivers_marsh,
          nicolae_qazlal_style_of_elements
Temple:   hellmonk_temple_of_storms
Lair:1:   layout_cave_pods, serial_bayou_ford_a, uniq_erica
Lair:2:   dreamdust_cave_troll, layout_chaotic_city,
          alex1729_swamp_entry_worm_eleionoma
Lair:3:   layout_chaotic_city, hellmonk_spider_entry_life_and_decay,
          enter_volcano_2, kilobyte_rumbling_trees, grunt_megastairs_2,
          lemuel_fruit_tree, uniq_nessos
Lair:4:   layout_gridlike, slime_entry_1, gammafunk_ghost_split,
          gauntlet_entry_generic, grunt_forest_large_clearings
Lair:5:   hellmonk_lair_end_abyssal_woods, layout_gridlike
Swamp:1:  layout_basic_swamp, evilmike_swamp_ruin_rubble_2, uniq_aizul
Swamp:2:  nicolae_swamp_decorative_isthmus, layout_basic_swamp,
          evilmike_swamp_ruin_house_1, infiniplex_staircase_pool_2
Swamp:3:  layout_basic_swamp, nicolae_swamp_trees_clearing, uniq_nikola
Swamp:4:  swamp_pestilence, layout_basic_swamp, swamp_pool3
Spider:1: layout_cave_pods, portal_ice_cave_entry_ice_statue_one, uniq_rupert
Spider:2: layout_chambers, hellmonk_narrow_tunnel, uniq_jorgrun
Spider:3: layout_spider_delve, uniq_arachne
Spider:4: spider_rune_water, drop_trap
Orc:1:    layout_caves
Orc:2:    st_orc_mages, layout_caves, mines1_david
Vaults:1: v_rooms_4, nicolae_vaults_closet_pinwheel_6, v_misc_2,
          nicolae_vaults_loss_of_containment, hangedman_vaults_capsules,
          nicolae_vaults_tetromino_T_1, nicolae_vaults_storage_room_statues,
          vaults_dpeg_spiral, serial_ice_m, nicolae_vaults_storage_closets_3,
          hangedman_vaults_variations, layout_vaults_maze_bifur, uniq_donald
Vaults:2: nicolae_vaults_asterisk, gammafunk_sealed_arena,
          nicolae_vaults_apartment_2, nicolae_vaults_prndl,
          vaults_room_stairs_pillars, nicolae_vaults_cochlea,
          nicolae_vaults_tetromino_Z_1, nicolae_vaults_weapon_check,
          nicolae_vaults_yaktaur_gun_rack, layout_vaults_quadrants,
          serial_shops, nicolae_shop_behind_doors
Depths:1: layout_cave_pools, minmay_strange_pillars, pan_entry, abyss_entry,
          hell_entry, nicolae_transporter_intersection, minmay_shop_star
Depths:2: cheibrodos_poisonous_passages, layout_basic, pan_entry, serial_shops,
          nicolae_shop_advertising_works [nicolae_subvault_shop_adworks],
          nicolae_shop_back_alley_shop, abyss_entry,
          nicolae_concentric_dashed_squares_mild, grunt_hell_entry_dis_grunt

Skill      XL: |  1  2  3  4  5  6  7  8  9 10 11 12 13 14 15 16 17 18 19 20 |
---------------+-------------------------------------------------------------+-----
Invocations    | 1 3 5 8 9 12 15 17 20 21 23 24 25 26 27 | 27.0
Fighting       | 4 5 6 7 9 10 11 13 14 15 16 17 18 19 | 19.8
Axes           | 4 8 10 12 14 15 16 17 | 17.5
Armour         | 3 4 6 7 9 |  9.0
Dodging        | 2 3 5 7 8 |  8.6
Shields        | 3 4 6 7 8 |  8.8
Shapeshifting  | 1 3 5 |  5.1

Action                     |  1- 3 |  4- 6 |  7- 9 | 10-12 | 13-15 | 16-18 | 19-21 || total
---------------------------+-------+-------+-------+-------+-------+-------+-------++-------
  Melee: War axe           |    73 |    73 |   252 |   192 |    19 |       |    81 ||   690
         Broad axe         |       |       |       |   103 |   832 |   708 |   760 ||  2403
         Touch             |       |       |       |       |       |       |     8 ||     8
         Punch             |       |       |       |       |       |       |     1 ||     1
 Invoke: Upheaval          |       |       |       |     6 |     4 |       |       ||    10
         Elemental Force   |       |       |       |     1 |     1 |       |       ||     2
         Disaster Area     |       |       |       |       |     1 |    10 |    12 ||    23
  Evoke: Wand              |       |       |       |       |     2 |     2 |     3 ||     7
    Use: Potion            |       |       |     1 |     5 |    10 |    14 |     4 ||    34
         Scroll            |       |       |       |    16 |    12 |    10 |     5 ||    43
   Stab: Petrified         |       |       |       |     1 |       |       |       ||     1
         Paralysed         |       |       |       |     1 |       |       |       ||     1
         Invisible         |       |       |       |       |       |     4 |       ||     4
 Armour: Scale mail        |    36 |    25 |   105 |   195 |    53 |       |       ||   414
         Chain mail        |       |       |       |       |   540 |   425 |   210 ||  1175
         Crystal plate arm |       |       |       |       |       |       |   209 ||   209
  Dodge: Dodged            |    26 |    44 |   198 |   197 |   361 |   269 |   321 ||  1416
         Repelled          |       |       |       |     2 |     4 |    14 |     8 ||    28
  Block: Buckler           |    14 |    12 |   110 |   321 |  1000 |   548 |   641 ||  2646
         Reflection        |       |       |       |     6 |    23 |       |     5 ||    34
         Other             |       |       |       |       |       |       |    17 ||    17

Table legend: (Time is in decaauts)
 A = Elapsed time spent in this place.
 B = Non-inter-level travel time spent in this place.
 C = Inter-level travel time spent in this place.
 D = Time resting spent in this place.
 E = Time spent auto-exploring this place.
 F = Levels seen in this place.
 G = Mean time per level.
                   A        B        C        D        E       F      G
               +--------+--------+--------+--------+--------+-----+--------+
         Total |  49209 |  46318 |   2891 |  12315 |  25114 |  38 | 1295.0 |
       Dungeon |  18081 |  16333 |   1748 |   2782 |  10370 |  15 | 1205.4 |
        Temple |     47 |     47 |      0 |      0 |      0 |   1 |   47.0 |
          Lair |   6710 |   6273 |    437 |    791 |   4122 |   5 | 1342.0 |
         Swamp |   4702 |   4567 |    135 |   1814 |   1900 |   4 | 1175.5 |
   Spider Nest |   8126 |   7858 |    268 |   3270 |   3453 |   4 | 2031.5 |
  Orcish Mines |   1187 |   1132 |     55 |    344 |    583 |   2 |  593.5 |
        Vaults |   2702 |   2593 |    109 |    749 |   1320 |   2 | 1351.0 |
        Depths |   5074 |   4937 |    137 |   1904 |   2206 |   2 | 2537.0 |
      Ice Cave |   1778 |   1778 |      0 |    607 |    860 |   1 | 1778.0 |
       Volcano |      4 |      4 |      0 |      0 |      0 |   1 |    4.0 |
      Gauntlet |    793 |    793 |      0 |     53 |    298 |   1 |  793.0 |
               +--------+--------+--------+--------+--------+-----+--------+

Top non-repeatable levels by time:
    D:15: 3021 daAuts
Depths:2: 2642 daAuts
Depths:1: 2432 daAuts
Spider:2: 2315 daAuts
Spider:3: 2032 daAuts
Spider:1: 2031 daAuts
   IceCv: 1778 daAuts
    D:10: 1771 daAuts
Vaults:1: 1768 daAuts
Spider:4: 1748 daAuts
  Lair:5: 1613 daAuts
  Lair:2: 1541 daAuts
 Swamp:2: 1509 daAuts
 Swamp:4: 1478 daAuts
     D:6: 1455 daAuts
